 Dungeon Crawl Stone Soup version 0.29.0-4-gdea44cf6ec (webtiles) character file.

Game seed: 10786620912984350230

78 qw the Chopper (level 4, -7/32 HPs)
             Began as a Barachi Chaos Knight on Sept 6, 2022.
             Mangled by a sun demon (12 damage)
             ... summoned by Xom
             ... on level 3 of the Dungeon.
             The game lasted 00:01:00 (2204 turns).

qw the Chopper (Barachi Chaos Knight)               Turns: 2204, Time: 00:01:00

Health: -7/32      AC:  3    Str: 15    XL:     4   Next: 36%
Magic:  4/4        EV: 10    Int: 11    God:
Gold:   99         SH:  0    Dex: 11    Spells: 3/3 levels left

rFire   . . .      SeeInvis .   Y - +0 hand axe (chaos)
rCold   . . .      Faith    .   (no shield)
rNeg    . . .      Spirit   .   f - +0 ring mail
rPois   .          Reflect  .   (no helmet)
rElec   .          Harm     .   (no cloak)
rCorr   .          Rampage  .   (no gloves)
Will    .....                   (no boots)
Stlth   +.........              (no amulet)
HPRegen 0.10/turn               (no ring)
MPRegen 0.09/turn               (no ring)

@: slow
A: amphibious, slowness 1, strong legs 1, +LOS, deformed body, dopey 1, frail 1
a: Hop


You were on level 3 of the Dungeon.
You visited 1 branch of the dungeon, and saw 3 of its levels.

You collected 99 gold pieces.


Innate Abilities, Weirdness & Mutations

You are amphibious.
You cover ground slowly.
You can hop short distances.
You have an extended range of vision and can be seen from far away.
Armour fits poorly on your strangely shaped body.
You are dopey. (Int -2)
You are frail. (-10% HP)


   Skills:
 - Level 3.6 Fighting
 + Level 5.2 Axes
 - Level 1.3 Throwing
 - Level 2.4 Armour
 - Level 1.1 Dodging


You had 3 spell levels left.
You didn't know any spells.
Your spell library was empty.

Inventory:

Hand Weapons
 i - a +0 whip
 Y - a +0 hand axe of chaos (weapon)
Missiles
 b - 3 javelins (quivered)
Armour
 f - a +0 ring mail (worn)
Scrolls
 a - a scroll of identify
Potions
 g - a potion of might
 k - a potion of curing {unknown}
 l - a potion of heal wounds {unknown}
Miscellaneous
 c - a piece from Xom's chessboard (15/15)

Dungeon Overview and Level Annotations

Branches:
Dungeon (3/15)

Altars:


Message History

Throw: 2 javelins
Press: ? - help, Q - select action Shift-Dir - straight line, f/p - ball python You throw a javelin.
The javelin pierces through the ball python!
You kill the ball python!
An adder comes into view.
2162 ||| Stepping ~*~*~tactically~*~*~ (stealth).
Throw: javelin
Press: ? - help, Q - select action Shift-Dir - straight line, f - adder You throw a javelin.
The adder hisses angrily.
The javelin pierces through the adder.
The adder is lightly wounded.
You slash the adder! You burn the adder.
The adder is severely wounded.
The adder bites you but does no damage.
You closely miss the adder.
The adder is severely wounded.
The adder bites you.
You barely miss the adder.
The adder is severely wounded.
The adder barely misses you. The adder bites you but does no damage.
You slash the adder!
You kill the adder!
You start resting.
HP restored.
You see here a ball python corpse.
b - a javelin
b - 2 javelins (gained 1)
b - 3 javelins (gained 1)
You now have 99 gold pieces (gained 11).
Found a stone staircase leading down. "Time to have some fun!"
Enter note: You hit the sun demon but do no damage.
The sun demon is poisoned.
You hit the sun demon but do no damage. The sun demon hits you!!
Ouch! That really hurt!
You are engulfed in flames!
You die...

#.## ###### #.#. ...<.#
##..... .....# #...
#.#####
.....##..#####4..3># #
............. #@# .###
..........######.###...#.
.......##.......4........
.....###########.........
####.# #.......#### #..#
#........# ##.##
#........#
#..###########.#####...#
##.##..........# ##..


You could see a sun demon (summoned, very poisoned), a hellwing (summoned) and a
chaos spawn (summoned).

Vanquished Creatures
  2 adders
  A worm (D:2)
  A dart slug (D:1)
  11 ball pythons
  2 endoplasms (D:1)
  3 giant cockroaches
  2 goblins
  10 hobgoblins
  4 bats
  4 frilled lizards (D:1)
  7 kobolds
  6 rats
53 creatures vanquished.

Notes
Turn   | Place    | Note
-------+----------+-------------------------------------------
     0 | D:1      | qw the Barachi Chaos Knight began the quest for the Orb.
     0 | D:1      | Reached XP level 1. HP: 18/18 MP: 1/1
     0 | D:1      | 0 ||| qw: Version: 0.1-a-107-g9ff403c
     0 | D:1      | 0 ||| qw: Game counter: 6146
     0 | D:1      | 0 ||| qw: Always use a shield: true
     0 | D:1      | 0 ||| qw: God list: Okawaru
     0 | D:1      | 0 ||| qw: Allow faded altars: false
     0 | D:1      | 0 ||| qw: Do Orc after D:15 true
     0 | D:1      | 0 ||| qw: Do second Lair branch before Depths: true
     0 | D:1      | 0 ||| qw: Lair rune preference: random
     0 | D:1      | 0 ||| qw: Plans: Normal
     0 | D:1      | 0 ||| PLANNING D:1-11
     0 | D:1      | Fell from the grace of Xom
   270 | D:1      | 270 ||| Stepping ~*~*~tactically~*~*~ (hiding).
   275 | D:1      | Reached XP level 2. HP: 23/24 MP: 2/2
   277 | D:1      | Reached skill level 4 in Axes
   505 | D:1      | 505 ||| Stepping ~*~*~tactically~*~*~ (stealth).
   506 | D:1      | 506 ||| Stepping ~*~*~tactically~*~*~ (stealth).
   507 | D:1      | 507 ||| Stepping ~*~*~tactically~*~*~ (stealth).
   508 | D:1      | 508 ||| Stepping ~*~*~tactically~*~*~ (stealth).
   519 | D:1      | 519 ||| Stepping ~*~*~tactically~*~*~ (stealth).
   520 | D:1      | 520 ||| Stepping ~*~*~tactically~*~*~ (stealth).
   523 | D:1      | 523 ||| Stepping ~*~*~tactically~*~*~ (stealth).
   554 | D:1      | 554 ||| Stepping ~*~*~tactically~*~*~ (stealth).
   575 | D:1      | 575 ||| Stepping ~*~*~tactically~*~*~ (stealth).
   660 | D:1      | Reached XP level 3. HP: 24/29 MP: 3/3
   872 | D:1      | 872 ||| Stepping ~*~*~tactically~*~*~ (stealth).
   877 | D:1      | 877 ||| Stepping ~*~*~tactically~*~*~ (stealth).
   878 | D:1      | 878 ||| Stepping ~*~*~tactically~*~*~ (stealth).
   879 | D:1      | 879 ||| Stepping ~*~*~tactically~*~*~ (stealth).
   880 | D:1      | 880 ||| Stepping ~*~*~tactically~*~*~ (stealth).
   883 | D:1      | 883 ||| Stepping ~*~*~tactically~*~*~ (stealth).
   888 | D:1      | 888 ||| Stepping ~*~*~tactically~*~*~ (stealth).
   889 | D:1      | 889 ||| Stepping ~*~*~tactically~*~*~ (stealth).
   929 | D:1      | 929 ||| Stepping ~*~*~tactically~*~*~ (stealth).
   931 | D:1      | 931 ||| Stepping ~*~*~tactically~*~*~ (stealth).
  1004 | D:1      | 1004 ||| Stepping ~*~*~tactically~*~*~ (stealth).
  1007 | D:1      | 1007 ||| Stepping ~*~*~tactically~*~*~ (stealth).
  1009 | D:1      | 1009 ||| Stepping ~*~*~tactically~*~*~ (stealth).
  1010 | D:1      | 1010 ||| Stepping ~*~*~tactically~*~*~ (stealth).
  1011 | D:1      | 1011 ||| Stepping ~*~*~tactically~*~*~ (stealth).
  1025 | D:1      | 1025 ||| Stepping ~*~*~tactically~*~*~ (stealth).
  1237 | D:1      | 1237 ||| UPGRADING to +0 ring mail.
  1247 | D:1      | 1247 ||| DROPPING +2 leather armour.
  1248 | D:1      | 1248 ||| READING 2 scrolls labelled FOLYUF VUTE.
  1249 | D:1      | 1249 ||| READING scroll labelled ANUZUA CUREQA.
  1254 | D:1      | 1254 ||| READING scroll labelled AGGAYT FABLOIG.
  1255 | D:1      | 1255 ||| DRINKING 2 inky potions.
  1256 | D:1      | 1256 ||| DROPPING potion of brilliance.
  1336 | D:2      | 1336 ||| Stepping ~*~*~tactically~*~*~ (stealth).
  1337 | D:2      | 1337 ||| Stepping ~*~*~tactically~*~*~ (stealth).
  1361 | D:2      | XOM: give mutations
  1361 | D:2      | Gained mutation: Armour fits poorly on your strangely
                  | shaped body. [Xom's mischief]
  1361 | D:2      | Lost mutation: Armour fits poorly on your strangely shaped
                  | body. [Xom's mischief]
  1361 | D:2      | Gained mutation: You are dopey. (Int -2) [Xom's mischief]
  1361 | D:2      | Gained mutation: You are frail. (-10% HP) [Xom's mischief]
  1480 | D:2      | Reached skill level 5 in Axes
  1544 | D:2      | Found a faded altar of an unknown god.
  1545 | D:2      | 1545 ||| Stepping ~*~*~tactically~*~*~ (stealth).
  1553 | D:2      | 1553 ||| FLEEEEING.
  1555 | D:2      | 1555 ||| FLEEEEING.
  1556 | D:2      | 1556 ||| FLEEEEING.
  1557 | D:2      | 1557 ||| FLEEEEING.
  1558 | D:2      | 1558 ||| FLEEEEING.
  1559 | D:2      | 1559 ||| FLEEEEING.
  1560 | D:2      | 1560 ||| FLEEEEING.
  1805 | D:2      | 1805 ||| Stepping ~*~*~tactically~*~*~ (stealth).
  1899 | D:2      | Reached skill level 1 in Throwing
  1899 | D:2      | Reached XP level 4. HP: 31/32 MP: 4/4
  2118 | D:2      | 2118 ||| READING scroll labelled DAMAOG AQOURIUN.
  2119 | D:2      | 2119 ||| READING 2 scrolls of identify.
  2119 | D:2      | 2119 ||| IDENTIFYING fizzy clear potion
  2142 | D:3      | XOM: noise
  2157 | D:3      | XOM: give mutation
  2157 | D:3      | Gained mutation: Armour fits poorly on your strangely
                  | shaped body. [Xom's mischief]
  2162 | D:3      | 2162 ||| Stepping ~*~*~tactically~*~*~ (stealth).
  2202 | D:3      | XOM: summons 3 hostile demons
  2203 | D:3      | Noticed a chaos spawn
  2203 | D:3      | Noticed a hellwing
  2203 | D:3      | Noticed a sun demon
  2204 | D:3      | HP: 5/32 [sun demon[Xom] (27)]
  2204 | D:3      | Mangled by a sun demon

Levels and vault maps discovered:
D:1:      ncdulo_lavacross, layout_loops_corners
D:2:      layout_basic, dreamdust_ecumenical_altar_grove
D:3:      layout_rooms, serial_corexii_hall, corexii_hall_statues_i,
          corexii_hall_statues_l

Skill      XL: |  1  2  3 |
---------------+----------+-----
Axes           | 4 5 |  5.2
Throwing       | 1 |  1.3
Fighting       | |  3.6
Armour         | |  2.4
Dodging        | |  1.1

Action                   |  1- 3 |  4- 6 || total
-------------------------+-------+-------++-------
Melee: Hand axe          |   140 |    13 ||   153
       Punch             |     1 |       ||     1
Throw: Javelin           |    10 |     5 ||    15
Invok: Renounce Religion |     1 |       ||     1
  Use: Scroll            |     3 |     2 ||     5
       Potion            |     1 |       ||     1
Armor: Leather armour    |    31 |       ||    31
       Ring mail         |    22 |     4 ||    26
Dodge: Dodged            |    79 |     5 ||    84

Table legend:
 A = Non-vault XP
 B = Vault XP
 C = Vault XP percentage of total XP
 D = Non-vault monster count
 E = Vault monster count
 F = Vault count percentage of total count
                 A         B        C        D         E       F
            +---------+---------+-------+---------+---------+-------
      Total |     112 |       0 |   0.0 |      53 |       0 |   0.0
            +---------+---------+-------+---------+---------+-------
        D:1 |      52 |       0 |   0.0 |      32 |       0 |   0.0
        D:2 |      44 |       0 |   0.0 |      19 |       0 |   0.0
        D:3 |      16 |       0 |   0.0 |       2 |       0 |   0.0
            +---------+---------+-------+---------+---------+-------
